 Seeded DCSS version 0.29-a0-393-g47a863cc1b (webtiles) character file.

Game seed: 14875320075521095149 (custom seed)

1113 zeratav the Geomancer (level 8, -5/43 (46) HPs)
             Began as an Octopode Earth Elementalist on May 9, 2022.
             Was an Initiate of Gozag.
             Slain by a wight
             ... wielding a +0 great sword
              (14 damage)
             ... on level 6 of the Dungeon.
             The game lasted 00:06:33 (5800 turns).

zeratav the Geomancer (Octopode Earth Elementalist) Turns: 5800, Time: 00:06:34

HP:   -5/43 (46)    AC:  1    Str:  7    XL:     8   Next: 33%
MP:   7/16          EV: 13    Int: 20    God:    Gozag
Gold: 258           SH:  0    Dex: 14    Spells: 13/17 levels left

rFire   . . .      SeeInvis .   w - +4 whip (elec) {mace}
rCold   . . .      Faith    .   (no shield)
rNeg    . . .      Spirit   .   (helmet restricted)
rPois   .          Reflect  .   (no amulet)
rElec   .          Harm     .   (no ring)
rCorr   .          Rampage  .   (no ring)
Will    .....                   (no ring)
Stlth   +++.......              (no ring)
HPRegen 0.14/turn               (no ring)
MPRegen 0.15/turn               (no ring)
                                (no ring)
                                (no ring)

@: about to teleport, gold aura, drained
A: almost no armour, amphibious, 8 rings, camouflage 1, gelatinous body 1,
(nimble swimmer 1), tentacles, agile 1, wild magic 1
a: Renounce Religion, Potion Petition, Call Merchant, Bribe Branch


You were on level 6 of the Dungeon.
You worshipped Gozag.
Gozag was aware of your devotion.
You visited 2 branches of the dungeon, and saw 7 of its levels.

You collected 356 gold pieces.
You paid 98 gold pieces to Gozag.


Innate Abilities, Weirdness & Mutations

You cannot wear most types of armour.
You are amphibious.
You can wear up to eight rings at the same time.
Your skin changes colour to match your surroundings (Stealth+).
Your rubbery body absorbs attacks. (AC +1, EV +1)
((You are camouflaged when in or above water. (Stealth+)))
You have tentacles for arms and can constrict up to eight enemies at once.
You are agile. (Dex +2)
Your spells are a little harder to cast, but a little more powerful.


   Skills:
 - Level 2.0 Dodging
 - Level 2.6 Stealth
 + Level 5.3 Spellcasting
 - Level 1.0 Transmutations
 * Level 8.4 Earth Magic


You had 13 spell levels left.
You knew the following spells:

 Your Spells              Type           Power      Damage    Failure   Level
a - Sandblast             Erth           100%       2d20      1%          1
b - Stone Arrow           Conj/Erth      56%        3d10      10%         3

Your spell library contained the following spells:

 Spells                   Type           Power      Damage    Failure   Level
 Passwall                 Tmut/Erth      25%        N/A       4%          2
 Foxfire                  Conj/Fire      24%        2x1d5     16%         1
 Shock                    Conj/Air       24%        1d4       16%         1
 Petrify                  Tmut/Erth      31%        N/A       22%         4
 Corpse Rot               Necr/Air       12%        N/A       24%         2
 Poisonous Vapours        Pois/Air       12%        N/A       24%         2
 Conjure Flame            Conj/Fire      6%         6-21      41%         3
 Inner Flame              Hex/Fire       6%         N/A       41%         3
 Swiftness                Air            6%         N/A       41%         3
 Airstrike                Air            3%         N/A       80%         4
 Flame Wave               Conj/Fire      6%         2d5       80%         4
 Alistair's Intoxication  Tmut/Pois      6%         N/A       96%         5
 Yara's Violent Unravell  Hex/Tmut       4%         3d4       96%         5
 Statue Form              Tmut/Erth      20%        N/A       96%         6

Inventory:

Hand Weapons
 e - a +4 dagger of venom {short}
   (You took it off a kobold on level 1 of the Dungeon)
 w - a +4 whip of electrocution (weapon) {mace}
   (You took it off an orc on level 5 of the Dungeon)
Missiles
 a - 55 stones {throwing}
Armour
 m - a +2 kite shield of protection
   (You found it on level 2 of the Dungeon)
Jewellery
 B - an amulet of faith {!P}
   (You found it on level 6 of the Dungeon)
Wands
 u - a wand of polymorph (8)
   (You found it on level 4 of the Dungeon)
 y - a wand of paralysis (10)
   (You found it on level 5 of the Dungeon)
 C - a wand of flame (26)
   (You found it on level 6 of the Dungeon)
Scrolls
 d - 2 scrolls of poison {unknown}
 f - 5 scrolls of identify {unknown}
 h - a scroll of enchant armour {unknown}
 n - 2 scrolls of teleportation {@r4}
 o - a scroll of immolation {unknown}
 q - a scroll of vulnerability {unknown}
 r - 2 scrolls of fog {unknown}
 s - 2 scrolls of fear {unknown}
 t - 3 scrolls of blinking {unknown}
 z - 2 scrolls of enchant weapon {unknown}
 A - a scroll of brand weapon {unknown}
Potions
 b - a potion of magic
 c - 4 potions of haste {unknown}
 g - a potion of invisibility {unknown}
 i - 3 potions of heal wounds {unknown}
 j - 2 potions of flight {unknown}
 k - 2 potions of mutation {!q}
 l - 2 potions of attraction {unknown}
 p - 5 potions of curing {unknown}
 v - a potion of ambrosia {unknown}
 x - a potion of brilliance {unknown}

Dungeon Overview and Level Annotations

Branches:
Dungeon (6/15)             Temple (1/1) D:6

Altars:
Ashenzari
Cheibriados
Dithmenos
Elyvilon
Fedhas
Gozag
Hepliaklqana
Makhleb
Nemelex Xobeh
Okawaru
Ru
Sif Muna
Trog
Uskayaw
Wu Jian
Xom
Zin
The Shining One

Shops:
D:4

( ..........##
#....# ......z....#
####.# .........z.#
#.# .........z.# #.#
...)....z..# #.#
.......$...# #.#
...........# #.#
...........#######.#
..........zzz@.....#
...........#########
....##.##..# ####
#.....# #######


You could see 3 wights.


Message History

Okay, then.
MP[+1]
You start resting.
Your magical contamination has completely faded away.
HP[+4] MP[+3]
Your hp is fully restored (46).
You regained 3 mp, and now have 8/15 mp.
You start resting.
MP[+7]
Your mp is fully restored (15).
You now have 258 gold pieces (gained 33).
s - 2 scrolls labelled NICRYEL RESI (gained 1)
j - 2 fuming golden potions (gained 1)
Items here: )))).
Okay, then.
Casting: Sandblast (safe; 1% risk of failure)
Confirm with . or Enter, or press ? or * to list all spells.
You can't see any susceptible monsters within range! (Use Z to cast anyway.)
A wight comes into view. It is wielding a +0 hand axe.
Casting: Sandblast (safe; 1% risk of failure)
Confirm with . or Enter, or press ? or * to list all spells.
You can't see any susceptible monsters within range! (Use Z to cast anyway.)
A wight comes into view. It is wielding a +0 great sword.
Things that are here:
4 gold pieces; a +0 whip {mace}; a +0 leather armour
Casting: Sandblast (safe; 1% risk of failure)
Confirm with . or Enter, or press ? or * to list all spells.
Aiming: Stone Arrow (dangerous; 10% risk of failure)
Press: ? - help, Shift-Dir - straight line, f - wight
Aim: a wight, wielding a +0 hand axe and wearing a +0 robe (wandering, hasn't noticed you, 71% to hit)
The stone arrow hits the wight.
A wight comes into view. It is wielding a +0 great sword.
MP[-3]
You lost 3 mp, and now have 12/15 mp.
A wight comes into view. It is wielding a +5 hand axe.
Items here: )))).
MP[+1]
Casting: Stone Arrow (dangerous; 10% risk of failure)
Confirm with . or Enter, or press ? or * to list all spells.
Aiming: Sandblast (safe; 1% risk of failure)
Press: ? - help, Shift-Dir - straight line, f/p - wight
Aim: a wight, wielding a +0 hand axe and wearing a +0 robe (moderately damaged, 83% to hit)
The blast of sand hits the wight but does no damage.
MP[-1]
You lost 1 mp, and now have 12/15 mp.
You hit the wight. Your grab misses the wight. The wight closely misses you.
You barely miss the wight. Your grab misses the wight.
You squeeze the wight, but do no damage.
You hit the wight but do no damage. You grab the wight.
You constrict the wight, but do no damage.
The wight barely misses you.
Casting: Sandblast (safe; 1% risk of failure)
Confirm with . or Enter, or press ? or * to list all spells.
Aiming: Stone Arrow (dangerous; 10% risk of failure)
Press: ? - help, Shift-Dir - straight line, f/p - wight
Aim: a wight, wielding a +0 hand axe and wearing a +0 robe (heavily damaged, 71% to hit)
The stone arrow hits the wight!!
You destroy the wight!
MP[-3]
You lost 3 mp, and now have 9/15 mp.
Casting: Stone Arrow (dangerous; 10% risk of failure)
Confirm with . or Enter, or press ? or * to list all spells.
Aiming: Stone Arrow (dangerous; 10% risk of failure)
Press: ? - help, Shift-Dir - straight line, f/p - wight
Aim: a wight, wielding a +0 hand axe and wearing a +0 robe (heavily damaged, 71% to hit)
The stone arrow hits the wight!!
You destroy the wight!
MP[-3]
You lost 3 mp, and now have 6/16 mp.
You closely miss the wight. Your grab misses the wight.
The wight barely misses you.
MP[+1]
You hit the wight. You grab the wight.
You squeeze the wight, but do no damage.
You constrict the wight, but do no damage.
The wight is distracted by your dazzling golden aura.
The wight hits you with a +0 great sword!
HP[-16]
You take 16 damage, and now have 30/46 hp.
MASSIVE DAMAGE!! (PAUSE)
You hit the wight. You constrict the wight. The wight closely misses you.
HP[+1]
You hit the wight but do no damage. You tentacle-slap the wight.
You constrict the wight, but do no damage.
The wight hits you with a +0 great sword!!
* * * LOW HITPOINT WARNING * * *
You feel drained.
* * * LOW HITPOINT WARNING * * *
HP[-22]
You now have 43 max hp (-3).
You take 22 damage, and now have 9/43 hp.
MASSIVE DAMAGE!! (PAUSE)
You hit the wight but do no damage. You squeeze the wight.
You constrict the wight. The wight barely misses you.
As you read the scroll labelled LUZODUOCRU, it crumbles to dust.
You feel strangely unstable.
It was a scroll of teleportation.
You constrict the wight.
The wight hits you with a +0 great sword!
You die...
Your body crumbles into a pile of gold.

Skill      XL: |  1  2  3  4  5  6  7  8 |
---------------+-------------------------+-----
Earth Magic    | 4 5 6 7 8 |  8.4
Spellcasting   | 3 4 5 |  5.3
Dodging        | |  2.0
Stealth        | |  2.6
Transmutations | |  1.0

Action                   |  1- 3 |  4- 6 |  7- 9 || total
-------------------------+-------+-------+-------++-------
Melee: Unarmed           |     4 |       |       ||     4
       Dagger            |    47 |    50 |       ||    97
       Constrict         |    17 |    16 |    10 ||    43
       Tentacles         |    10 |    16 |     9 ||    35
       Punch             |     1 |     2 |     5 ||     8
       Whip              |       |    16 |    39 ||    55
 Cast: Sandblast         |     6 |    16 |    13 ||    35
       Stone Arrow       |       |     2 |    11 ||    13
  Use: Potion            |     1 |       |       ||     1
       Scroll            |       |       |     1 ||     1
 Stab: Sleeping          |     7 |    13 |     1 ||    21
Armor: Skin              |     4 |     7 |     1 ||    12
Dodge: Dodged            |    24 |    42 |    18 ||    84

Levels and vault maps discovered:
D:1:      mushboom_english_gardens, layout_rooms, shapermc_ecumenical_altar_gd
D:2:      layout_loops_cross, nicolae_elevator_lobby_plus, uniq_natasha
D:3:      layout_basic, mainiacjoe_overflow_concentric_impassable
D:4:      layout_loops_ring, serial_shops, nicolae_shop_stone
D:5:      layout_loops_cross, mainiacjoe_overflow_catch_the_wave,
          wad_woods_river_04
D:6:      layout_loops_corners, old_standard_altar,
          nicolae_wu_jian_immortal_techniques,
          minmay_temple_entry_statues_pillars, wad_floor_pattern_1
Temple:   eino_temple_rhombus

Notes
Turn   | Place    | Note
-------+----------+-------------------------------------------
     0 | D:1      | zeratav the Octopode Earth Elementalist began the quest for
                  | the Orb.
     0 | D:1      | Reached XP level 1. HP: 11/11 MP: 3/3
     0 | D:1      | magus.rc [v1.9.6]
   113 | D:1      | Gained mutation: Your spells are a little harder to cast,
                  | but a little more powerful. [potion of mutation]
   113 | D:1      | Gained mutation: You are agile. (Dex +2) [potion of
                  | mutation]
   251 | D:1      | Reached XP level 2. HP: 16/17 MP: 5/5
   577 | D:1      | You pick up a book of Vapours and begin reading...
   577 | D:1      | You add the spells Poisonous Vapours and Corpse Rot to your
                  | library.
   578 | D:1      | Found a faded altar of an unknown god.
   597 | D:1      | Reached XP level 3. HP: 16/21 MP: 6/6
   969 | D:2      | Reached skill level 4 in Earth Magic
  1325 | D:2      | Noticed Natasha
  1332 | D:2      | Killed Natasha
  1333 | D:2      | Reached XP level 4. HP: 19/27 MP: 5/8
  1480 | D:2      | Noticed Natasha
  1487 | D:2      | Killed Natasha
  1673 | D:2      | Noticed Natasha
  1681 | D:2      | Killed Natasha
  1682 | D:2      | Reached skill level 3 in Spellcasting
  1682 | D:2      | Reached XP level 5. HP: 31/31 MP: 9/9
  1903 | D:3      | Found a shadowy altar of Dithmenos.
  1952 | D:3      | Reached skill level 5 in Earth Magic
  2647 | D:4      | Found Hinaabuo's Antique Weapon Shoppe.
  2846 | D:4      | Learned a level 3 spell: Stone Arrow
  2926 | D:4      | You pick up a book of Flames and begin reading...
  2926 | D:4      | You add the spells Foxfire, Conjure Flame, Inner Flame and
                  | Flame Wave to your library.
  3103 | D:4      | Reached XP level 6. HP: 33/36 MP: 11/11
  3342 | D:4      | You pick up a book of Air and begin reading...
  3342 | D:4      | You add the spells Shock, Swiftness and Airstrike to your
                  | library.
  3415 | D:5      | Entered Level 5 of the Dungeon
  3473 | D:5      | You pick up a book of Air and begin reading...
  3588 | D:5      | Reached skill level 6 in Earth Magic
  4122 | D:5      | You add the spells Yara's Violent Unravelling, Alistair's
                  | Intoxication and Statue Form to your library.
  4122 | D:5      | Got the Almanac of Unstable Clay
  4125 | D:5      | Found an iron altar of Okawaru.
  4135 | D:5      | Reached skill level 4 in Spellcasting
  4246 | D:5      | Found a burning altar of Makhleb.
  4253 | D:5      | Reached XP level 7. HP: 32/41 MP: 9/13
  4717 | D:6      | Reached skill level 7 in Earth Magic
  5101 | D:6      | Found an ornate altar of the Wu Jian Council.
  5152 | D:6      | Found a hide-covered altar of Uskayaw.
  5417 | D:6      | Found a staircase to the Ecumenical Temple.
  5430 | D:6      | Reached XP level 8. HP: 46/46 MP: 5/15
  5435 | D:6      | Reached skill level 5 in Spellcasting
  5439 | Temple   | Entered the Ecumenical Temple
  5585 | Temple   | Became a worshipper of Gozag Ym Sagoz the Greedy
  5662 | D:6      | Reached skill level 8 in Earth Magic
  5798 | D:6      | HP: 9/43 [wight/+0 great sword (3)]
  5800 | D:6      | Slain by a wight

Vanquished Creatures
  An orc warrior (D:6)
  2 phantoms
  A bullfrog (D:6)
  A necrophage (D:6)
  2 scorpions (D:5)
  2 wights (D:6)
  3 hounds
  A jelly (D:5)
  A gnoll shaman (D:6)
  2 iguanas
  An orc wizard (D:6)
  Natasha (thrice) (D:2)
  7 gnolls
  6 adders
  A white imp (D:6)
  2 ufetubi
  2 worms (D:2)
  2 dart slugs
  7 orcs
  10 endoplasms
  5 giant cockroaches
  2 hobgoblins (D:2)
  10 jackals
  2 kobolds
  4 quokkas
  5 ball pythons
  4 bats
  3 frilled lizards
  5 goblins
  4 rats
101 creatures vanquished.

Vanquished Creatures (others)
  2 demonic plants (D:1)
  A fungus (D:1)
  4 plants (D:5)
  5 withered plants (D:1)
12 creatures vanquished.

Grand Total: 113 creatures vanquished

Table legend:
 A = Non-vault XP
 B = Vault XP
 C = Vault XP percentage of total XP
 D = Non-vault monster count
 E = Vault monster count
 F = Vault count percentage of total count
                 A         B        C        D         E       F
            +---------+---------+-------+---------+---------+-------
      Total |    1555 |      36 |   2.3 |     100 |       1 |   1.0
            +---------+---------+-------+---------+---------+-------
        D:1 |      43 |       0 |   0.0 |      24 |       0 |   0.0
        D:2 |     106 |      36 |  25.4 |      18 |       1 |   5.3
        D:3 |      61 |       0 |   0.0 |      12 |       0 |   0.0
        D:4 |     119 |       0 |   0.0 |      12 |       0 |   0.0
        D:5 |     442 |       0 |   0.0 |      16 |       0 |   0.0
        D:6 |     784 |       0 |   0.0 |      18 |       0 |   0.0
            +---------+---------+-------+---------+---------+-------

Illustrated notes

Table legend:
 A = Kills in this place as a percentage of kills in entire the game.
 B = Kills by you in this place as a percentage of kills by you in the entire game.
 C = Kills by friends in this place as a percentage of kills by friends in the entire game.
 D = Other kills in this place as a percentage of other kills in the entire game.
 E = Experience gained in this place as a percentage of experience gained in the entire game.
 F = Experience gained in this place divided by the number of levels of this place that you have seen.
                   A       B       C       D       E      F
               +-------+-------+-------+-------+-------+----------------------
         Total | 100.0 | 100.0 |   N/A |   N/A | 100.0 | 227.3
       Dungeon | 100.0 | 100.0 |   N/A |   N/A | 100.0 | 265.2
               +-------+-------+-------+-------+-------+----------------------

Table legend: (Time is in decaauts)
 A = Elapsed time spent in this place.
 B = Non-inter-level travel time spent in this place.
 C = Inter-level travel time spent in this place.
 D = Time resting spent in this place.
 E = Time spent auto-exploring this place.
 F = Levels seen in this place.
 G = Mean time per level.
                   A        B        C        D        E       F      G
               +--------+--------+--------+--------+--------+-----+--------+
         Total |   5808 |   5682 |    126 |    961 |   4019 |   7 |  829.7 |
       Dungeon |   5651 |   5540 |    111 |    961 |   3886 |   6 |  941.8 |
        Temple |    156 |    141 |     15 |      0 |    133 |   1 |  156.0 |
               +--------+--------+--------+--------+--------+-----+--------+

Top non-repeatable levels by time:
     D:5: 1298 daAuts
     D:2: 1001 daAuts
     D:6: 934 daAuts
     D:1: 902 daAuts
     D:4: 825 daAuts
     D:3: 688 daAuts
  Temple: 156 daAuts
